Map: Oxide LE

Players

eGGz

  • Race: Zerg Zerg
  • League: Grandmaster
  • Spawn Location: 7:00

SpeCial - Winner!

  • Race: Terran Terran
  • League: Master
  • Spawn Location: 1:00

Event: DreamHack SC2 Masters 2020 Winter

VOD

Have the link to the VOD?

Description

Time

  • Played on: Oct. 21, 2020, 5:01 p.m.
  • Length: 17:18

All games in this series

Show
View Real Time Build Order
Export as new Build Order

eGGz Zerg 

Build Orders: Pool First, Lurkers 

Get SALT Encoding   

  12  0:00  Drone  
  13  0:12  Overlord  
  13  0:16  Drone  
  14  0:32  Drone x2  
  16  0:41  Spawning Pool  
  15  0:43  Drone  
  15  0:49  Drone  
  17  1:08  Hatchery  
  17  1:11  Drone  
  17  1:15  Extractor  
  16  1:28  Zergling x4  
  16  1:29  Zergling x2  
  16  1:32  Queen  
  21  1:39  Drone  
  22  1:49  Overlord  
  22  2:09  Drone  
  23  2:16  Queen, Drone  
  23  2:17  Metabolic Boost  
  23  2:21  Queen  
  28  2:32  Drone x3  
  31  2:37  Drone  
  32  2:47  Drone x4  
  34  2:52  Drone  
  34  2:56  Drone  
  35  3:06  Hatchery  
  35  3:08  Drone  
  35  3:15  Drone  
  35  3:18  Roach Warren  
  35  3:23  Overlord  
  35  3:27  Overlord  
  35  3:29  Overlord  
  35  3:32  Drone  
  36  3:42  Drone x4  
  36  3:43  Zergling x6  
  43  3:49  Drone  
  44  4:03  Roach x5  
  44  4:08  Drone  
  44  4:09  Drone x3  
  58  4:14  Queen  
  58  4:16  Spore Crawler  
  58  4:17  Drone  
  60  4:19  Overlord  
  60  4:25  Zergling x4  
  62  4:34  Roach x2  
  62  4:36  Overlord  
  66  4:39  Drone x2  
  66  4:41  Overlord  
  67  4:48  Overlord x2  
  63  4:53  Drone  
  63  4:55  Drone x5  
  66  5:01  Drone  
  66  5:03  Drone  
  66  5:05  Drone x3  
  69  5:10  Zergling x2  
  69  5:12  Lair  
  69  5:14  Extractor  
  69  5:16  Drone x2  
  69  5:18  Zergling x2  
  69  5:29  Drone  
  69  5:30  Drone  
  69  5:32  Drone  
  69  5:34  Ravager  
  69  5:35  Zergling x8  
  76  5:39  Spore Crawler  
  76  5:41  Drone x4  
  80  5:46  Drone  
  78  5:50  Drone  
  78  5:52  Drone  
  78  5:58  Drone x3  
  78  5:59  Drone  
  78  6:01  Drone  
  78  6:03  Drone x3  
  86  6:04  Drone  
  86  6:09  Drone x2  
  86  6:10  Overlord  
  89  6:14  Glial Reconstitution  
  89  6:17  Roach x3  
  95  6:19  Overlord  
  95  6:22  Overlord  
  95  6:23  Extractor x2  
  95  6:25  Extractor  
  92  6:27  Extractor  
  92  6:29  Evolution Chamber  
  92  6:30  Evolution Chamber, Roach  
  90  6:35  Drone x2  
  90  6:36  Drone x2  
  90  6:39  Drone x3  
  96  6:43  Overlord  
  96  6:45  Roach x2  
  100  6:51  Overlord  
  100  6:53  Overlord  
  98  6:57  Drone x3  
  101  7:04  Overlord  
  101  7:06  Zerg Ground Armor Level 1  
  101  7:08  Drone x2  
  103  7:09  Drone  
  103  7:13  Zerg Missile Weapons Level 1  
  103  7:15  Roach x2  
  108  7:17  Hatchery  
  108  7:19  Roach x2  
  111  7:26  Overlord  
  111  7:27  Roach  
  111  7:28  Roach x3  
  117  7:31  Overlord  
  117  7:35  Roach x2  
  117  7:36  Roach  
  123  7:45  Overlord  
  123  7:48  Drone  
  123  7:49  Hydralisk Den  
  123  7:51  Infestation Pit  
  123  7:52  Roach x4  
  123  7:54  Overlord  
  123  7:55  Drone x2  
  132  8:01  Roach x4  
  135  8:10  Roach x5  
  135  8:12  Overlord  
  142  8:13  Ravager  
  143  8:21  Overlord  
  143  8:24  Drone x4  
  143  8:25  Ravager x2  
  143  8:27  Zergling x12  
  150  8:28  Overseer  
  150  8:32  Drone x3  
  158  8:34  Ravager  
  158  8:35  Ravager  
  158  8:38  Drone x4  
  164  8:46  Roach x3  
  170  8:49  Hive  
  170  8:52  Roach x2  
  174  8:57  Extractor  
  174  9:00  Spine Crawler  
  174  9:01  Extractor  
  174  9:02  Spine Crawler, Spore Crawler  
  169  9:05  Grooved Spines, Hydralisk x2  
  175  9:10  Roach x3  
  175  9:13  Roach x2  
  175  9:17  Drone x3  
  185  9:18  Spine Crawler  
  185  9:20  Drone x2  
  185  9:23  Drone  
  183  9:27  Drone  
  177  9:39  Zerg Ground Armor Level 2  
  177  9:44  Zerg Missile Weapons Level 2  
  177  9:45  Roach x2  
  179  9:53  Roach x6  
  179  9:59  Spine Crawler  
  186  10:14  Roach x10  
  186  10:17  Muscular Augments  
  186  10:20  Hatchery  
  162  10:33  Viper  
  147  10:47  Lurker Den  
  146  10:55  Hydralisk x5  
  153  11:01  Drone x5  
  158  11:09  Viper  
  161  11:14  Overlord  
  161  11:16  Drone  
  161  11:17  Drone  
  163  11:19  Hydralisk x3  
  169  11:27  Drone x5  
  169  11:31  Hydralisk x3  
  180  11:37  Hydralisk  
  182  11:40  Hydralisk  
  182  11:44  Hydralisk x2  
  182  11:45  Extractor x2  
  182  11:46  Queen  
  186  11:53  Hydralisk x4  
  146  12:17  Hydralisk  
  146  12:18  Roach x3, Hydralisk x4  
  146  12:19  Roach x2  
  126  12:37  Hydralisk x3  
  126  12:38  Roach x4, Hydralisk  
  138  12:45  Zerg Missile Weapons Level 3  
  138  12:49  Drone x4  
  142  13:02  Lurker Den, Roach x3, Hydralisk  
  149  13:05  Queen x2  
  149  13:06  Queen  
  155  13:21  Hydralisk x3  
  155  13:22  Roach x2, Hydralisk  
  163  13:28  Drone x5  
  163  13:30  Hatchery  
  164  13:38  Overlord  
  164  13:41  Viper x3  
  156  13:57  Hydralisk  
  156  13:58  Hydralisk x5  
  156  14:02  Lurker  
  169  14:03  Overseer  
  169  14:07  Nydus Network  
  169  14:09  Zergling x2  
  169  14:10  Zergling x2  
  167  14:31  Lurker x5  
  171  14:40  Overlord, Lurker x2  
  166  15:02  Nydus Canal  
  166  15:03  Hydralisk  
  166  15:04  Roach x3, Hydralisk x2  
  166  15:05  Roach  
  178  15:18  Nydus Canal  
  178  15:19  Hydralisk x4  
  178  15:20  Roach x4  
  174  15:34  Seismic Spines  
  171  15:38  Hydralisk x3  
  171  15:41  Drone x4  
  171  15:42  Drone  
  180  15:48  Spine Crawler  
  179  15:53  Nydus Canal  
  179  15:55  Hydralisk  
  179  15:56  Roach x2  
  180  16:13  Overlord  
  180  16:18  Lurker x2  
  177  16:29  Hydralisk x6  
  187  16:43  Hatchery, Nydus Canal  
  186  16:47  Lurker x3  
  186  16:48  Lurker  
Show
View Real Time Build Order
Export as new Build Order

SpeCial Terran - Winner!

Build Orders: Liberator Opening, Reaper Expand 

Get SALT Encoding   

  12  0:01  SCV  
  13  0:13  SCV  
  14  0:18  Supply Depot  
  14  0:25  SCV  
  15  0:40  SCV  
  15  0:42  Barracks  
  16  0:44  Refinery  
  16  0:52  SCV  
  17  1:04  SCV  
  18  1:16  SCV  
  19  1:30  Reaper, Orbital Command  
  20  1:39  Command Center  
  20  1:48  Supply Depot  
  20  1:56  SCV  
  21  2:02  Marine  
  21  2:05  Factory  
  22  2:08  SCV  
  23  2:15  Refinery  
  23  2:20  SCV  
  24  2:23  Marine  
  25  2:33  SCV  
  25  2:44  Barracks Reactor  
  25  2:48  SCV  
  23  3:00  Starport  
  23  3:02  Hellion  
  23  3:03  SCV  
  26  3:12  Orbital Command  
  26  3:15  SCV  
  27  3:21  Marine x2  
  27  3:24  Widow Mine  
  31  3:32  SCV  
  32  3:37  Supply Depot  
  32  3:38  SCV  
  32  3:39  Medivac  
  35  3:47  SCV  
  36  3:48  Marine  
  36  3:50  SCV  
  36  3:54  Hellion  
  36  3:55  Hellion  
  42  4:00  SCV, Supply Depot  
  42  4:02  SCV  
  44  4:09  Liberator  
  47  4:19  SCV x2  
  47  4:23  Factory Tech Lab  
  49  4:26  Command Center  
  49  4:29  Marine  
  49  4:30  Marine  
  51  4:36  SCV  
  52  4:43  SCV  
  53  4:46  Siege Tank  
  53  4:48  SCV  
  53  4:51  Marine  
  53  4:52  Marine  
  56  4:58  SCV  
  50  5:03  SCV  
  44  5:10  SCV  
  42  5:15  SCV  
  42  5:19  Supply Depot, Siege Tank  
  46  5:22  SCV  
  46  5:26  Marine x2  
  46  5:27  SCV  
  49  5:35  SCV  
  47  5:39  SCV  
  48  5:47  SCV  
  49  5:52  SCV  
  50  5:59  SCV  
  50  6:01  Barracks  
  50  6:04  SCV, Orbital Command  
  52  6:05  Barracks  
  52  6:06  Stimpack, Marine  
  52  6:07  Starport Reactor, Factory Reactor  
  53  6:12  SCV  
  53  6:13  Engineering Bay  
  53  6:14  Engineering Bay  
  53  6:17  SCV  
  55  6:24  Marine  
  55  6:25  SCV  
  57  6:29  SCV  
  57  6:30  Orbital Command  
  58  6:37  SCV, Supply Depot  
  59  6:40  Refinery  
  59  6:41  SCV, Terran Infantry Weapons Level 1, Terran Infantry Armor Level 1  
  59  6:42  Marine  
  61  6:55  Marine  
  61  6:56  Marine  
  61  6:59  SCV x3  
  61  7:00  Marine  
  64  7:03  Medivac x2, Factory Tech Lab  
  64  7:05  Marine x2, Barracks  
  64  7:07  Barracks  
  64  7:08  Supply Depot  
  70  7:11  SCV  
  70  7:12  Refinery  
  70  7:13  SCV x2, Marine  
  70  7:15  Marine  
  75  7:17  Marine  
  75  7:22  Siege Tank  
  79  7:23  SCV, Marine x2  
  79  7:25  SCV x2  
  84  7:31  Marine  
  84  7:32  Supply Depot  
  84  7:33  Marine  
  84  7:35  SCV, Marine  
  88  7:37  SCV  
  88  7:38  SCV  
  88  7:41  Marine x2  
  91  7:46  Medivac x2  
  91  7:47  SCV  
  91  7:49  SCV, Marine  
  91  7:50  SCV  
  91  7:51  Marine  
  100  7:53  Marine  
  100  7:55  Barracks Tech Lab  
  100  7:56  Barracks Tech Lab  
  101  7:58  Combat Shield  
  101  7:59  SCV, Marine x2  
  102  8:07  Marine  
  102  8:08  Marine  
  102  8:11  Marauder  
  98  8:19  Marauder, Marine x2  
  99  8:20  Marine  
  99  8:25  Orbital Command  
  99  8:26  SCV x2  
  97  8:27  Marine  
  97  8:28  Marine  
  97  8:32  Marine  
  100  8:34  Armory  
  100  8:37  Marine x2  
  100  8:38  Marauder  
  100  8:40  Marine  
  100  8:41  Siege Tank  
  108  8:45  Marine  
  109  8:51  Concussive Shells  
  109  8:59  Supply Depot x2  
  109  9:00  Supply Depot, Marine x5  
  109  9:01  Marauder  
  116  9:03  Marine  
  117  9:16  Supply Depot  
  117  9:17  Supply Depot  
  117  9:20  Marine x3, Liberator  
  117  9:21  SCV, Marauder, Marine x2  
  117  9:22  Orbital Command, Marauder  
  128  9:35  SCV  
  128  9:36  SCV, Terran Infantry Weapons Level 2  
  128  9:38  Marauder, Marine x2  
  130  9:39  Marine x2  
  130  9:41  Marine  
  130  9:44  Marauder  
  139  9:47  Terran Infantry Armor Level 2  
  139  9:50  SCV  
  139  9:54  SCV x2  
  139  9:56  Marine x4  
  139  9:59  Marine x2  
  147  10:02  SCV  
  147  10:03  Supply Depot  
  147  10:04  Marine  
  149  10:14  Marine x2  
  149  10:15  Marine, Siege Tank  
  149  10:18  Marauder x2  
  141  10:21  SCV  
  141  10:26  SCV x2  
  141  10:27  Marine x2  
  144  10:31  Marine  
  144  10:33  SCV  
  144  10:34  Marine  
  137  10:39  SCV x2  
  137  10:41  Refinery  
  138  10:42  Supply Depot  
  138  10:43  Marine x3  
  138  10:45  Supply Depot, Marine x2  
  138  10:49  Marine, Siege Tank  
  147  10:52  Terran Vehicle Weapons Level 1  
  147  10:55  Medivac x2  
  148  11:03  Marine  
  149  11:05  Supply Depot  
  149  11:08  Refinery  
  149  11:09  Marine  
  150  11:12  Marine, Factory  
  150  11:17  Marine  
  152  11:20  Marauder x2  
  152  11:21  Marauder  
  152  11:22  Siege Tank  
  152  11:25  Medivac  
  161  11:29  Marine  
  161  11:30  Marine  
  163  11:33  Marine  
  163  11:36  Marine  
  163  11:38  Supply Depot  
  163  11:39  Supply Depot  
  165  11:41  Marauder, Marine  
  165  11:42  Marine  
  169  11:47  Marine  
  169  11:50  Marine  
  169  11:51  Marine  
  172  11:54  Marine  
  172  11:59  Marine  
  172  12:01  Command Center  
  172  12:06  Terran Infantry Weapons Level 3, Terran Infantry Armor Level 3  
  172  12:07  Marine  
  151  12:09  Marine x2  
  151  12:14  Marine x3  
  130  12:17  Marine  
  113  12:25  Marine  
  113  12:27  Marine  
  113  12:29  Marine  
  109  12:32  Marine x3  
  109  12:34  Marine  
  109  12:35  Liberator  
  107  12:37  Liberator  
  107  12:42  Marine  
  109  12:45  Siege Tank, Marine, Factory Tech Lab  
  109  12:50  SCV x2  
  109  12:51  SCV  
  113  12:58  Marine  
  113  12:59  Marine x2  
  113  13:00  Marauder  
  113  13:02  SCV  
  113  13:03  Marauder  
  113  13:04  Marine x2  
  123  13:12  Siege Tank  
  126  13:16  Planetary Fortress, Marine x2  
  119  13:27  Marine  
  119  13:28  Marauder  
  120  13:38  Marauder, Marine x4  
  120  13:40  Siege Tank  
  117  13:47  Marine, Sensor Tower  
  118  13:48  Marine  
  118  13:53  Sensor Tower  
  119  13:55  Marine  
  119  13:56  SCV x4, Marine x2  
  119  13:57  Marauder  
  119  13:59  Marine  
  129  14:05  Marine  
  129  14:06  Marine  
  129  14:08  SCV x2  
  133  14:11  Siege Tank  
  133  14:12  Siege Tank  
  133  14:13  Marine x2  
  133  14:14  Marine  
  142  14:17  Marine  
  142  14:18  Marine  
  142  14:24  Barracks  
  143  14:25  Barracks  
  143  14:27  Marauder, Marine  
  143  14:28  Medivac x2, Barracks  
  143  14:31  Marine x2  
  143  14:38  Ghost Academy  
  145  14:46  Marauder, Marine x3  
  145  14:48  Marine  
  145  14:50  Siege Tank  
  154  14:55  Supply Depot, Marine  
  150  15:00  Marine  
  150  15:04  SCV x4, Marauder, Marine x2  
  156  15:07  Refinery  
  156  15:08  Marine  
  156  15:09  Enhanced Shockwaves  
  156  15:11  Barracks Reactor  
  156  15:12  Barracks Reactor  
  157  15:17  SCV  
  158  15:29  Viking  
  158  15:31  Ghost x3  
  158  15:33  Marine x2  
  168  15:38  Medivac  
  168  15:40  Siege Tank  
  168  15:41  Siege Tank  
  176  15:56  Command Center  
  176  15:59  Ghost x2  
  176  16:00  Barracks Reactor  
  180  16:06  Marine x4  
  180  16:10  Marine x3  
  186  16:11  Marine  
  186  16:13  Siege Tank  
  180  16:25  Marine  
  180  16:26  Marauder, Marine  
  180  16:28  Marine, Siege Tank  
  180  16:29  Marauder, Marine  
  180  16:32  Marauder, Marine  
  192  16:36  Marine  
  186  16:40  SCV x2  
  186  16:43  Missile Turret  
  186  16:45  Missile Turret  
  188  16:47  Marauder, Marine  
  188  16:49  Marine  
  188  16:50  Marauder, Marine x2  
  198  16:54  Marauder, Marine  
Tags
 
Add a new tag
Caveats
  • Supply blocks, unpowered buildings, or Contaminate may cause inaccurate times.
  • Supply counts are checked every 10 seconds.